SKY
PHILADELPHIA PHILLIES @ BALTIMORE ORIOLES
10/01/2051
 
TOP OF THE 1ST
Philadelphia Phillies batting - Pitching for Baltimore Orioles : RHP Orel Ayers
Pitching: RHP Orel Ayers
Batting: LHB Noah Powell 0-0: Ball
1-0: Ground out 4-3 (Groundball, 4S, EV 83.1 MPH)
Batting: RHB Kyle Negulescu 0-0: SINGLE (Groundball, 4MD, EV 100.0 MPH)
Batting: RHB Tyler McCaughey 0-0: Called Strike
0-1: Ball
1-1: Ball
2-1: Fly out, F7 (Flyball, 78S, EV 88.8 MPH)
Batting: RHB Marty Booz 0-0: Called Strike
0-1: Ground out 4-3 (Groundball, 34S, EV 89.4 MPH)
Top of the 1st over - 0 runs, 1 hit, 0 errors, 1 left on base; Philadelphia 0 - Baltimore 0
BOTTOM OF THE 1ST
Baltimore Orioles batting - Pitching for Philadelphia Phillies : RHP Shane Rogers
Pitching: RHP Shane Rogers
Batting: LHB Tony Goerner 0-0: Ball
1-0: Ball
2-0: Ball
3-0: Called Strike
3-1: Foul Ball, location: 7LSF
3-2: Strikes out swinging
Batting: SHB Magglio Trego 0-0: Foul Ball, location: 3F
0-1: Ball
1-1: Called Strike
1-2: Foul Ball, location: 2F
1-2: Ball
2-2: Foul Ball, location: 23F
2-2: SINGLE (Groundball, 4MD, EV 106.9 MPH)
Batting: RHB Truman Jackson 0-0: Called Strike
Magglio Trego is caught stealing 2nd base 2-4
0-1: Ground out 5-3 (Groundball, 56, EV 91.3 MPH)
Bottom of the 1st over - 0 runs, 1 hit, 0 errors, 0 left on base; Philadelphia 0 - Baltimore 0
TOP OF THE 2ND
Philadelphia Phillies batting - Pitching for Baltimore Orioles : RHP Orel Ayers
Batting: RHB Liam Lyons 0-0: Called Strike
0-1: Ball
1-1: Called Strike
1-2: Strikes out swinging
Batting: LHB Monte Baker 0-0: Ball
1-0: Ground out 1-3 (Groundball, P, EV 62.5 MPH)
Batting: RHB Justin Morgan 0-0: Ball
1-0: Called Strike
1-1: Ball
2-1: Ball
3-1: Fly out, F4 (Popup, 23, EV 78.1 MPH)
Top of the 2nd over - 0 runs, 0 hits, 0 errors, 0 left on base; Philadelphia 0 - Baltimore 0
BOTTOM OF THE 2ND
Baltimore Orioles batting - Pitching for Philadelphia Phillies : RHP Shane Rogers
Batting: LHB Shaun Lane 0-0: Called Strike
0-1: Ball
1-1: Hit by Pitch
Batting: RHB Yovi Pizana 0-0: Foul Ball, location: 3F
0-1: Grounds into double play, 6-4-3 (Groundball, 6, EV 86.9 MPH)
Batting: RHB Redford Washington 0-0: Ball
1-0: Ball
2-0: Fly out, F9 (Flyball, 9LS, EV 97.5 MPH)
Bottom of the 2nd over - 0 runs, 0 hits, 0 errors, 0 left on base; Philadelphia 0 - Baltimore 0
TOP OF THE 3RD
Philadelphia Phillies batting - Pitching for Baltimore Orioles : RHP Orel Ayers
Batting: RHB B.J. Pelletier 0-0: Called Strike
0-1: Ball
1-1: Ball
2-1: Ball
3-1: Fly out, F7 (Flyball, 7LM, EV 102.5 MPH)
Batting: RHB A.J. Herrera 0-0: Ball
1-0: Ball
2-0: Foul Ball, location: 5SF
2-1: Ball
3-1: Foul Ball, location: 23F
3-2: Foul Ball, location: 5F
3-2: Base on Balls
Batting: LHB Noah Powell 0-0: Called Strike
0-1: Fielders Choice at 2nd, 4-6 (Groundball, 4, EV 87.5 MPH)
Batting: RHB Kyle Negulescu 0-0: Ball
1-0: Called Strike
1-1: Called Strike
Noah Powell steals 2nd base
1-2: Ball
2-2: DOUBLE (Line Drive, 3D, EV 108.1 MPH)
Noah Powell scores
Batting: RHB Tyler McCaughey 0-0: Ball
1-0: Foul Ball, location: 2F
1-1: Foul Ball, location: 2F
1-2: Strikes out swinging
Top of the 3rd over - 1 run, 1 hit, 0 errors, 1 left on base; Philadelphia 1 - Baltimore 0
BOTTOM OF THE 3RD
Baltimore Orioles batting - Pitching for Philadelphia Phillies : RHP Shane Rogers
Batting: RHB Gonçalo Melo 0-0: Called Strike
0-1: Called Strike
0-2: Ball
1-2: Foul Ball, location: 2LF
1-2: Foul Ball, location: 2LF
1-2: Fly out, F4 (Popup, 3S, EV 86.3 MPH)
Batting: LHB Junino Exposito 0-0: Foul Ball, location: 2F
0-1: Called Strike
0-2: Foul Ball, location: 2LF
0-2: SINGLE (Line Drive, 9S, EV 95.0 MPH)
Batting: RHB Martin Taylor 0-0: Fly out, F8 (Flyball, 8LM, EV 73.1 MPH)
Batting: LHB Tony Goerner 0-0: Called Strike
0-1: Ball
1-1: Fielders Choice at 2nd, 6-4 (Groundball, 6, EV 103.1 MPH)
Bottom of the 3rd over - 0 runs, 1 hit, 0 errors, 1 left on base; Philadelphia 1 - Baltimore 0
TOP OF THE 4TH
Philadelphia Phillies batting - Pitching for Baltimore Orioles : RHP Orel Ayers
Batting: RHB Marty Booz 0-0: Foul Ball, location: 5FF
0-1: Called Strike
0-2: Ball
1-2: Ball
2-2: Ball
3-2: Ground out 5-3 (Groundball, 56, EV 103.8 MPH)
Batting: RHB Liam Lyons 0-0: Called Strike
0-1: Called Strike
0-2: Ball
1-2: Strikes out swinging
Batting: LHB Monte Baker 0-0: SINGLE (Line Drive, 78S, EV 97.5 MPH)
Batting: RHB Justin Morgan 0-0: Ball
1-0: Ball
2-0: Foul Ball, location: 7LSFF
2-1: Ground out 6-3 (Groundball, 4M, EV 110.0 MPH)
Top of the 4th over - 0 runs, 1 hit, 0 errors, 1 left on base; Philadelphia 1 - Baltimore 0
BOTTOM OF THE 4TH
Baltimore Orioles batting - Pitching for Philadelphia Phillies : RHP Shane Rogers
Batting: SHB Magglio Trego 0-0: Ball
1-0: Ball
2-0: Called Strike
2-1: Ground out U3 (Groundball, 3, EV 94.4 MPH)
Batting: RHB Truman Jackson 0-0: Ball
1-0: Called Strike
1-1: Foul Ball, location: 5FF
1-2: Ball
2-2: Ball
3-2: Base on Balls
Batting: LHB Shaun Lane 0-0: Ball
1-0: Fly out, F2 (Popup, 23F, EV 84.4 MPH)
Batting: RHB Yovi Pizana 0-0: Ball
1-0: Called Strike
1-1: SINGLE (Groundball, 6D, EV 97.5 MPH)
Truman Jackson to second
Batting: RHB Redford Washington 0-0: Called Strike
0-1: SINGLE (Groundball, 34D, EV 98.8 MPH)
Truman Jackson to third
Yovi Pizana to second
Runner from 3rd tries for Home, SAFE, throw by RF to home
Batting: RHB Gonçalo Melo 0-0: Foul Ball, location: 23FF
0-1: Ball
1-1: Ball
2-1: SINGLE (Groundball, P, EV 83.1 MPH) (infield hit)
Yovi Pizana to third
Redford Washington to second
Batting: LHB Junino Exposito 0-0: Ball
1-0: Foul Ball, location: 25FF
1-1: SINGLE (Groundball, 4D, EV 96.9 MPH)
Yovi Pizana scores
Redford Washington to third
Gonçalo Melo to second
Runner from 3rd tries for Home, SAFE, throw by RF to home
Batting: RHB Martin Taylor 0-0: Ball
1-0: Called Strike
1-1: Foul Ball, location: 2F
1-2: Foul Ball, location: 5F
1-2: Strikes out swinging
Bottom of the 4th over - 3 runs, 4 hits, 0 errors, 2 left on base; Philadelphia 1 - Baltimore 3
TOP OF THE 5TH
Philadelphia Phillies batting - Pitching for Baltimore Orioles : RHP Orel Ayers
Batting: RHB B.J. Pelletier 0-0: Ball
1-0: Ball
2-0: Fly out, F4 (Popup, 3S, EV 81.3 MPH)
Batting: RHB A.J. Herrera 0-0: Called Strike
0-1: Ball
1-1: Swinging Strike
1-2: Ball
2-2: Foul Ball, location: 25F
2-2: Ball
3-2: Strikes out looking
Batting: LHB Noah Powell 0-0: Foul Ball, location: 3F
0-1: Foul Ball, location: 5SF
0-2: Ball
1-2: Strikes out swinging
Top of the 5th over - 0 runs, 0 hits, 0 errors, 0 left on base; Philadelphia 1 - Baltimore 3
BOTTOM OF THE 5TH
Baltimore Orioles batting - Pitching for Philadelphia Phillies : RHP Shane Rogers
Batting: LHB Tony Goerner 0-0: Ball
1-0: Foul Ball, location: 7LMF
1-1: Ball
2-1: Foul Ball, location: 23FF
2-2: Ball
3-2: Base on Balls
Batting: SHB Magglio Trego 0-0: Ball
Tony Goerner steals 2nd base
1-0: Ball
2-0: Called Strike
2-1: Ball
3-1: Called Strike
3-2: Strikes out swinging
Batting: RHB Truman Jackson 0-0: Called Strike
0-1: Ball
1-1: Called Strike
1-2: Foul Ball, location: 5FF
1-2: Ball
2-2: Ball
3-2: DOUBLE (Flyball, 89D, EV 108.8 MPH)
Tony Goerner scores
Batting: LHB Shaun Lane 0-0: SINGLE (Line Drive, 34D, EV 102.5 MPH)
Truman Jackson to third
Runner from 3rd tries for Home, SAFE, throw by RF to home
Shaun Lane to second
Pitching: LHP Sean White
Batting: RHB Yovi Pizana 0-0: Fly out, F8 (Flyball, 8LD, EV 83.1 MPH)
Batting: RHB Redford Washington 0-0: Ground out 6-3 (Groundball, 6MS, EV 87.5 MPH)
Bottom of the 5th over - 2 runs, 2 hits, 0 errors, 1 left on base; Philadelphia 1 - Baltimore 5
TOP OF THE 6TH
Philadelphia Phillies batting - Pitching for Baltimore Orioles : RHP Orel Ayers
Batting: RHB Kyle Negulescu 0-0: Ball
1-0: Foul Ball, location: 5F
1-1: Called Strike
1-2: Ball
2-2: DOUBLE (Groundball, 5L, EV 105.6 MPH)
Batting: RHB Tyler McCaughey 0-0: Ball
1-0: Swinging Strike
1-1: Ball
2-1: Foul Ball, location: 5DF
2-2: Strikes out swinging
Batting: RHB Marty Booz 0-0: Called Strike
Kyle Negulescu steals 3rd base
0-1: Foul Ball, location: 2F
0-2: Ball
1-2: Ball
2-2: SINGLE (Line Drive, 8RS, EV 89.4 MPH)
Kyle Negulescu scores
Batting: RHB Liam Lyons 0-0: Called Strike
0-1: Swinging Strike
0-2: Foul Ball, location: 2F
0-2: Ball
1-2: Strikes out swinging
Batting: LHB Monte Baker 0-0: Called Strike
0-1: Foul Ball, location: 2F
0-2: Ball
1-2: Ball
2-2: SINGLE (Groundball, 34D, EV 100.6 MPH)
Marty Booz to second
Runner from 2nd tries for 3rd, SAFE, no throw by RF
Batting: RHB Justin Morgan 0-0: Ball
1-0: Fly out, F9 (Flyball, 89M, EV 77.5 MPH)
Top of the 6th over - 1 run, 3 hits, 0 errors, 2 left on base; Philadelphia 2 - Baltimore 5
BOTTOM OF THE 6TH
Baltimore Orioles batting - Pitching for Philadelphia Phillies : LHP Sean White
Batting: RHB Gonçalo Melo 0-0: Ball
1-0: Called Strike
1-1: SINGLE (Line Drive, 9LM, EV 107.5 MPH)
Batting: LHB Junino Exposito 0-0: Called Strike
0-1: Foul Ball, location: 7LDF
0-2: Strikes out swinging
Batting: RHB Martin Taylor 0-0: Called Strike
0-1: Swinging Strike
0-2: Strikes out swinging
Batting: LHB Tony Goerner 0-0: Called Strike
0-1: Ball
1-1: Ball
2-1: Foul Ball, location: 2F
2-2: Strikes out looking
Bottom of the 6th over - 0 runs, 1 hit, 0 errors, 1 left on base; Philadelphia 2 - Baltimore 5
TOP OF THE 7TH
Philadelphia Phillies batting - Pitching for Baltimore Orioles : RHP Orel Ayers
Batting: RHB B.J. Pelletier 0-0: Ball
1-0: Foul Ball, location: 25F
1-1: Ball
2-1: Called Strike
2-2: Ball
3-2: Fly out, F8 (Flyball, 8RXD, EV 88.1 MPH)
Pitching: RHP Dave Black
Batting: RHB A.J. Herrera 0-0: Ball
1-0: Fly out, F3 (Popup, 3F, EV 63.1 MPH)
Batting: LHB Noah Powell 0-0: Ball
1-0: Foul Ball, location: 5SF
1-1: Called Strike
1-2: Ball
2-2: Foul Ball, location: 5DF
2-2: Fly out, F2 (Popup, 15S, EV 80.0 MPH)
Top of the 7th over - 0 runs, 0 hits, 0 errors, 0 left on base; Philadelphia 2 - Baltimore 5
BOTTOM OF THE 7TH
Baltimore Orioles batting - Pitching for Philadelphia Phillies : LHP Sean White
Batting: SHB Magglio Trego 0-0: Ball
1-0: Ball
2-0: Ball
3-0: SINGLE (Line Drive, 8RS, EV 89.4 MPH)
Batting: RHB Truman Jackson 0-0: Called Strike
0-1: Ball
1-1: Ball
2-1: Ball
3-1: Base on Balls
Magglio Trego to second
Batting: LHB Shaun Lane 0-0: Swinging Strike
0-1: Foul Ball, location: 23FF
0-2: Ball
1-2: SINGLE (Flyball, 34D, EV 95.0 MPH)
Magglio Trego to third
Truman Jackson to second
Batting: RHB Yovi Pizana 0-0: Swinging Strike
0-1: GRAND SLAM HOME RUN (Flyball, 7D, EV 91.3 MPH), Distance : 356 ft
Batting: RHB Redford Washington 0-0: Ball
1-0: Called Strike
1-1: Swinging Strike
1-2: Ball
2-2: Foul Ball, location: 9LMF
2-2: Strikes out swinging
Pinch Hitting: RHB Max Warren 0-0: Called Strike
0-1: Called Strike
0-2: Ball
1-2: Ball
2-2: Ground out 6-3 (Groundball, 6, EV 101.3 MPH)
Batting: LHB Junino Exposito 0-0: Ball
1-0: Ball
2-0: SINGLE (Line Drive, 56D, EV 97.5 MPH)
Batting: RHB Martin Taylor 0-0: Ball
1-0: Foul Ball, location: 7LDF
1-1: Foul Ball, location: 5F
1-2: Reached on error, E9 (Line Drive, 9S, EV 108.8 MPH)
Junino Exposito to third
Batting: LHB Tony Goerner 0-0: Called Strike
0-1: Ball
1-1: Foul Ball, location: 7LSF
1-2: Ball
2-2: Strikes out swinging
Bottom of the 7th over - 4 runs, 4 hits, 1 error, 2 left on base; Philadelphia 2 - Baltimore 9
TOP OF THE 8TH
Philadelphia Phillies batting - Pitching for Baltimore Orioles : RHP Dave Black
Now at SS: Max Warren
Pinch Hitting: RHB Roger Hall 0-0: Called Strike
0-1: Ball
1-1: Foul Ball, location: 2F
1-2: Hit by Pitch
Pinch Hitting: RHB Ariel Fernández 0-0: Called Strike
0-1: Fly out, F8 (Flyball, 8LS, EV 90.0 MPH)
Batting: RHB Marty Booz 0-0: Fly out, F8 (Line Drive, 8RM, EV 96.9 MPH)
Batting: RHB Liam Lyons 0-0: Fly out, F8 (Flyball, 8RD, EV 91.9 MPH)
Top of the 8th over - 0 runs, 0 hits, 0 errors, 1 left on base; Philadelphia 2 - Baltimore 9
BOTTOM OF THE 8TH
Baltimore Orioles batting - Pitching for Philadelphia Phillies : LHP Sean White
Now at 1B: Ariel Fernández
Now at 3B: Roger Hall
Batting: SHB Magglio Trego 0-0: Ball
1-0: Foul Ball, location: 3F
1-1: Swinging Strike
1-2: Ball
2-2: Strikes out swinging, 2-3 out at first.
Batting: RHB Truman Jackson 0-0: Foul Ball, location: 9LDF
0-1: Swinging Strike
0-2: Foul Ball, location: 2F
0-2: Ball
1-2: Strikes out looking
Batting: LHB Shaun Lane 0-0: Ball
1-0: Ground out 1-3 (Groundball, 13S, EV 61.9 MPH)
Bottom of the 8th over - 0 runs, 0 hits, 0 errors, 0 left on base; Philadelphia 2 - Baltimore 9
TOP OF THE 9TH
Philadelphia Phillies batting - Pitching for Baltimore Orioles : RHP Dave Black
Batting: LHB Monte Baker 0-0: Ball
1-0: Fly out, F8 (Flyball, 8LS, EV 88.1 MPH)
Batting: RHB Justin Morgan 0-0: Called Strike
0-1: Fly out, F4 (Popup, 4, EV 58.8 MPH)
Batting: RHB B.J. Pelletier 0-0: Ball
1-0: Called Strike
1-1: Swinging Strike
1-2: Strikes out swinging
Top of the 9th over - 0 runs, 0 hits, 0 errors, 0 left on base; Philadelphia 2 - Baltimore 9
Sunday, March 31st , 2024 - OOTP Baseball 24.11 Build 85